Match 41067592
Unlisted

Match 41067592
End
Kradschützen Motorcycle Team
Panzergrenadier Squad
Panzergrenadier Squad
Construct Light Support Kompanie
Selects Panzerjäger Kommand Battlegroup
Selects Tank Busters
Selects Blockade Equipment
MG34 Team
Panzerjäger Mechanized Group
Construct Mechanized Kompanie
Selects Crew Shock Tactics
2.5-tonne Medical Truck
Selects Defensive Positions
8 Rad Armored Car
Panzerjäger Squad
Panzerjäger Mechanized Group
Construct Panzerarmee Kommand
Support Armor Elements
StuG III D Assault Gun
8 Rad Armored Car
AI Takeover
atank
toby8888
RUKAclDCッ
FLOKL
0
0

Comments sign in to comment!

No comments posted yet!